 Dungeon Crawl Stone Soup version 0.21-a0-401-g0b6bec4 (webtiles) character file.

23226 sveltemanboy the Fighter (level 13, -8/103 HPs)
             Began as a Gnoll Wanderer on Oct 14, 2017.
             Was a High Priest of Vehumet.
             Mangled by Snorg (16 damage)
             ... on level 3 of the Lair of Beasts on Oct 22, 2017.
             The game lasted 01:01:02 (15071 turns).

sveltemanboy the Fighter (Gnoll Wanderer)          Turns: 15071, Time: 01:01:03

Health: -8/103     AC: 20    Str: 17    XL:     13   Next: 5%
Magic:  7/24       EV: 18    Int: 22    God:    Vehumet [*****.]
Gold:   509        SH:  0    Dex: 24    Spells: 12/27 levels left

rFire    . . .     SeeInvis +   D - +7 lajatang of Order {silver, rMut}
rCold    + . .     Gourm    .   (shield currently unavailable)
rNeg     + . .     Faith    +   G - +4 ring mail "Epha Kac" {rPois Int+4 Slay+2}
rPois    +         Spirit   .   F - +1 hat
rElec    .         Reflect  .   r - +1 cloak {+Inv}
rCorr    .         Harm     .   a - +1 pair of gloves {Dex+3}
rMut     +                      C - +3 pair of boots of Grace {rN+ SInv}
MR       +....                  c - amulet of faith
Stlth    +++.......             H - +3 ring of slaying
HPRegen  0.27/turn              t - ring "Dusmum Yss" {rC+ MR+ Dex+5 Stlth-}
MPRegen  0.19/turn

@: no status effects
A: distributed training, fangs 1, horns 1, blink, strong 1, strong nose
a: Blink, Renounce Religion, Evoke Invisibility


You were on level 3 of the Lair of Beasts.
You worshipped Vehumet.
Vehumet was extremely pleased with you.
You were hungry.

You visited 3 branches of the dungeon, and saw 15 of its levels.
You also visited: Labyrinth.

You collected 689 gold pieces.
You spent 180 gold pieces at shops.

Inventory:

Hand Weapons
 D - the +7 lajatang of Order (weapon) {silver, rMut}
   (You took it off a minotaur in a labyrinth)

   It protects you from mutation.
Missiles
 i - 4 javelins
 x - 6 tomahawks (quivered)
Armour
 a - a +1 pair of gloves of dexterity (worn)
 r - a +1 cloak of invisibility (worn)
 C - the +3 pair of boots of Grace (worn) {rN+ SInv}
   (You bought it in a shop on level 4 of the Dungeon)

   It protects you from negative energy.
   It lets you see invisible.
 F - a +1 hat (worn)
 G - the +4 ring mail "Epha Kac" (worn) {rPois Int+4 Slay+2}
   (You found it on level 11 of the Dungeon)

   It affects your intelligence (+4).
   It affects your accuracy and damage with ranged weapons and melee attacks
   (+2).
   It protects you from poison.
Jewellery
 c - an amulet of faith (around neck)
 t - the ring "Dusmum Yss" (right hand) {rC+ MR+ Dex+5 Stlth-}
   (You acquired it on level 2 of the Lair of Beasts)

   [ring of protection from magic]

   It affects your dexterity (+5).
   It protects you from cold.
   It affects your resistance to hostile enchantments.
   It makes you less stealthy.
 H - a +3 ring of slaying (left hand)
 P - an uncursed amulet of the gourmand
Wands
 u - a wand of digging (10/24)
 v - a wand of digging (6/24)
 I - a wand of scattershot (6/9)
 K - a wand of iceblast (2/15)
 L - a wand of clouds (6/9)
 M - a wand of enslavement (6/24)
 Q - a wand of clouds (3/9)
Scrolls
 b - 11 scrolls of teleportation
 e - a scroll of recharging
 j - 9 scrolls of remove curse
 n - 4 scrolls of enchant weapon
 q - a scroll of identify
 A - a scroll of fear
 N - a scroll of fog
Potions
 d - 3 potions of agility
 h - 3 potions of heal wounds
 m - 2 potions of curing
 p - 3 potions of cancellation
 s - 2 potions of flight
 w - a potion of berserk rage
 B - 2 potions of brilliance
 E - a potion of resistance
 J - 2 potions of haste
 O - a potion of ambrosia
Books
 y - a Grand Grimoire

   Spells                             Type                      Level
   a - Monstrous Menagerie            Summoning                    7
   b - Summon Greater Demon           Summoning                    7
   c - Malign Gateway                 Summoning/Translocation      7
   d - Summon Horrible Things         Summoning                    8
Comestibles
 f - 6 bread rations
 g - 4 chunks of flesh
 l - 7 fruits
 o - 7 meat rations
 z - 3 royal jellies


   Skills:
 + Level 10.1 Fighting
 + Level 7.7 Short Blades
 + Level 7.7 Long Blades
 + Level 7.7 Axes
 + Level 7.7 Maces & Flails
 + Level 7.7 Polearms
 + Level 8.2 Staves
 + Level 7.7 Slings
 + Level 8.2 Bows
 + Level 7.7 Crossbows
 + Level 8.2 Throwing
 + Level 8.2 Armour
 + Level 8.2 Dodging
 + Level 8.1 Stealth
 + Level 8.2 Shields
 + Level 7.7 Unarmed Combat
 + Level 7.7 Spellcasting
 + Level 6.4 Conjurations
 + Level 6.4 Hexes
 + Level 6.4 Charms
 + Level 6.4 Summonings
 + Level 6.4 Necromancy
 + Level 6.4 Translocations
 + Level 6.4 Transmutations
 + Level 6.4 Fire Magic
 + Level 6.4 Ice Magic
 + Level 6.4 Air Magic
 + Level 6.4 Earth Magic
 + Level 6.4 Poison Magic
 + Level 8.5 Invocations
 + Level 7.7 Evocations


You had 12 spell levels left.
You knew the following spells:

 Your Spells              Type           Power        Failure   Level  Hunger
a - Venom Bolt            Conj/Pois      #####.....   7%          5    #####..
b - Call Imp              Summ           #####...     1%          2    None
c - Mephitic Cloud        Conj/Pois/Air  #####...     1%          3    None
d - Poisonous Vapours     Pois/Air       #####.       1%          2    None
e - Ignite Poison         Fire/Tmut/Pois #####...     1%          3    None


Dungeon Overview and Level Annotations

Branches:
Dungeon (11/15)            Temple (1/1) D:6            Lair (3/6) D:9
  Swamp (0/4) Lair:2        Snake (0/4) Lair:2          Orc (0/2) D:11

Altars:
Cheibriados
Elyvilon
Fedhas
Kikubaaqudgha
Nemelex Xobeh
Ru
Vehumet
Wu Jian
Yredelemnul

Shops:
D:4 *

Portals:
Trove: D:10 (give +6 demon blade)

Annotations:
Lair:3 Snorg


Innate Abilities, Weirdness & Mutations

Your experience applies equally to all skills.
You have very sharp teeth.
Your uncanny sense of smell can sniff out nearby items.
You have a pair of small horns on your head.
You can translocate small distances at will.
Your muscles are strong. (Str +2)


Message History

Snorg claws you!
* * * LOW HITPOINT WARNING * * *
Your crimson imp blinks!
Your iron imp closely misses Snorg.
You blink.
You feel slightly more hungry.
Snorg rages.
You feel much better. Snorg bites you but does no damage.
Snorg closely misses you. x2; Snorg bites you!!
* * * LOW HITPOINT WARNING * * *
Snorg closely misses you. Snorg completely misses you.
You feel much better. Snorg bites you!
* * * LOW HITPOINT WARNING * * *
Snorg claws you!
* * * LOW HITPOINT WARNING * * *
Snorg closely misses you.
Your crimson imp closely misses Snorg.
Snorg rages.
Snorg bites you.
* * * LOW HITPOINT WARNING * * *
Snorg claws you!
You die...

......... ....... #..... ...
....... ....##...#.# ##......#
...#....##.###..#..PP.
......................
......................
............÷....# ##
##..}...........####.##
##....†@T5..............
#.......>5..............
##..####................ # ##
##...####...............
.#.#.##.##...#...#...............
..........................$.[....
........................?........
....#.##....###.#..............(.
....## ####.#####................


You could see Snorg (berserk), a friendly iron imp and a friendly crimson imp.

Vanquished Creatures
  Gastronok (Lair:3)
  A minotaur (Lab)
  A hydra (Lair:1)
  A two-headed ogre (D:10)
  3 death yaks (D:9)
  Nergalle (D:11)
  Sonja (D:11)
  Pikel (D:5)
  6 elephants (Lair:2)
  A gargoyle (D:11)
  A centaur skeleton (D:10)
  3 spiny frogs
  2 kobold demonologists (D:11)
  2 komodo dragons
  2 trolls (D:10)
  A hornet (D:8)
  3 hippogriffs
  17 yaks
  A wyvern (D:10)
  2 basilisks
  Grum (D:11)
  3 vampire mosquitoes (Lair:2)
  An acid dragon (D:11)
  7 water moccasins
  2 nagas (Lair:2)
  5 porcupines
  3 slaves (D:5)
  An ice beast (D:11)
  6 orc warriors
  A phantom (D:4)
  4 sky beasts
  3 wolves (D:11)
  An ogre (D:7)
  5 centaurs
  A crocodile (Lair:1)
  5 big kobolds
  8 bullfrogs
  5 scorpions
  5 killer bees (D:8)
  A water moccasin skeleton (D:5)
  A wight (D:8)
  2 howler monkeys
  A bullfrog zombie (D:9)
  A crimson imp (D:9)
  A jelly (D:9)
  6 hounds
  3 bullfrog skeletons
  8 orc priests
  Crazy Yiuf (D:3)
  7 iguanas
  Ijyb (D:3)
  Terence (D:3)
  10 orc wizards
  15 worker ants
  2 hound skeletons
  A worker ant zombie (D:10)
  Robin (D:4)
  A howler monkey zombie (D:9)
  16 adders
  4 shadow imps
  An ooze (D:1)
  An adder zombie (D:7)
  An adder skeleton (D:4)
  3 worms
  3 dart slugs
  5 leopard geckos
  52 orcs
  7 giant cockroaches
  17 goblins
  5 hobgoblins
  8 jackals
  3 quokkas
  A ball python (D:1)
  11 bats
  2 frilled lizards
  A jackal zombie (D:6)
  20 kobolds
  A quokka zombie (D:5)
  7 rats
  3 plants
354 creatures vanquished.

Vanquished Creatures (collateral kills)
  A spiny frog (Lair:2)
  A komodo dragon (Lair:2)
  The ghost of Tux the Ruffian, an amateur VSTm (D:4)
  A yak (D:10)
  A steam dragon (D:7)
  A naga (Lair:2)
  A centaur (D:6)
  A crocodile (Lair:3)
  A killer bee (D:8)
  3 wights (D:8)
  2 crimson imps (D:6)
  A jelly (D:8)
  A leopard gecko (D:7)
  3 orcs
  A quokka (D:7)
20 creatures vanquished.

Grand Total: 374 creatures vanquished

Notes
Turn   | Place    | Note
-------+----------+-------------------------------------------
     0 | D:1      | sveltemanboy the Gnoll Wanderer began the quest for the Orb.
     0 | D:1      | sveltemanboy set off with: a +2 quarterstaff, a scroll of teleportation, a potion of lignification, a +0 robe, a bread ration
     0 | D:1      | Reached XP level 1. HP: 23/23 MP: 1/1
   176 | D:1      | Reached XP level 2. HP: 29/29 MP: 2/2
   574 | D:1      | Reached XP level 3. HP: 35/35 MP: 3/3
  1140 | D:2      | Reached skill level 1 in Invocations
  1321 | D:2      | Reached skill level 1 in Short Blades
  1321 | D:2      | Reached skill level 1 in Long Blades
  1321 | D:2      | Reached skill level 1 in Axes
  1321 | D:2      | Reached skill level 1 in Maces & Flails
  1321 | D:2      | Reached skill level 1 in Polearms
  1321 | D:2      | Reached skill level 1 in Slings
  1321 | D:2      | Reached skill level 1 in Crossbows
  1321 | D:2      | Reached skill level 1 in Unarmed Combat
  1321 | D:2      | Reached skill level 1 in Spellcasting
  1321 | D:2      | Reached skill level 1 in Evocations
  1321 | D:2      | Reached XP level 4. HP: 29/41 MP: 5/5
  2373 | D:2      | Found a sacrificial altar of Ru.
  2537 | D:3      | Reached skill level 1 in Conjurations
  2537 | D:3      | Reached skill level 1 in Hexes
  2537 | D:3      | Reached skill level 1 in Charms
  2537 | D:3      | Reached skill level 1 in Summonings
  2537 | D:3      | Reached skill level 1 in Necromancy
  2537 | D:3      | Reached skill level 1 in Translocations
  2537 | D:3      | Reached skill level 1 in Transmutations
  2537 | D:3      | Reached skill level 1 in Fire Magic
  2537 | D:3      | Reached skill level 1 in Ice Magic
  2537 | D:3      | Reached skill level 1 in Air Magic
  2537 | D:3      | Reached skill level 1 in Earth Magic
  2537 | D:3      | Reached skill level 1 in Poison Magic
  2590 | D:3      | Found an ornate altar of the Wu Jian Council.
  2616 | D:3      | Found a blossoming altar of Fedhas.
  2662 | D:3      | Found a snail-covered altar of Cheibriados.
  2675 | D:3      | Noticed Terence
  2688 | D:3      | Killed Terence
  2688 | D:3      | Reached XP level 5. HP: 39/47 MP: 6/6
  2905 | D:3      | Noticed Ijyb
  2911 | D:3      | Killed Ijyb
  3280 | D:3      | Found a runed door.
  3455 | D:3      | Noticed Crazy Yiuf
  3461 | D:3      | Killed Crazy Yiuf
  3538 | D:4      | Noticed Tux's ghost (amateur VSTm)
  3633 | D:4      | Reached XP level 6. HP: 53/53 MP: 8/8
  3642 | D:4      | Learned a level 2 spell: Blink
  3645 | D:4      | Learned a level 2 spell: Call Imp
  3649 | D:4      | Learned a level 3 spell: Mephitic Cloud
  3754 | D:4      | Noticed a phantom
  3754 | D:4      | Killed Tux's ghost
  3765 | D:4      | Noticed Robin
  3771 | D:4      | Killed Robin
  4087 | D:4      | Reached XP level 7. HP: 54/59 MP: 7/10
  4104 | D:4      | Reached skill level 7 in Fighting
  4595 | D:4      | Found Baupn's Assorted Antiques.
  4622 | D:4      | Bought a pair of dazzling boots for 180 gold pieces
  4627 | D:4      | Identified the +3 pair of boots of Grace {rN+ SInv} (You bought it in a shop on level 4 of the Dungeon)
  4694 | D:5      | Entered Level 5 of the Dungeon
  4891 | D:5      | Noticed Pikel
  4919 | D:5      | Killed Pikel
  4919 | D:5      | Reached XP level 8. HP: 12/67 MP: 11/13
  5398 | D:5      | Found an ancient bone altar of Kikubaaqudgha.
  6307 | D:6      | Reached XP level 9. HP: 38/72 MP: 14/14
  6699 | D:6      | Found a staircase to the Ecumenical Temple.
  6768 | Temple   | Entered the Ecumenical Temple
  6778 | Temple   | Became a worshipper of Vehumet
  7046 | D:6      | Found a white marble altar of Elyvilon.
  7225 | D:7      | Gained mutation: You can translocate small distances at will. [potion of mutation]
  7225 | D:7      | Gained mutation: You have a pair of small horns on your head. [potion of mutation]
  7225 | D:7      | Gained mutation: Your muscles are strong. (Str +2) [potion of mutation]
  7249 | D:7      | Reached * piety under Vehumet
  7249 | D:7      | Offered knowledge of Shock by Vehumet.
  7526 | D:7      | Reached skill level 5 in Staves
  7526 | D:7      | Reached skill level 5 in Bows
  7526 | D:7      | Reached skill level 5 in Throwing
  7526 | D:7      | Reached skill level 5 in Armour
  7526 | D:7      | Reached skill level 5 in Dodging
  7526 | D:7      | Reached skill level 5 in Shields
  7545 | D:7      | Learned a level 2 spell: Poisonous Vapours
  7956 | D:8      | Reached skill level 5 in Stealth
  8380 | D:8      | Noticed a hornet
  8387 | D:8      | Killed a hornet
  8387 | D:8      | Reached skill level 8 in Fighting
  8560 | D:8      | Reached skill level 5 in Invocations
  8912 | D:8      | Reached XP level 10. HP: 37/80 MP: 2/17
  9131 | D:8      | Found a sparkling altar of Nemelex Xobeh.
  9174 | D:8      | Found a basalt altar of Yredelemnul.
  9330 | D:9      | Upgraded the game from 0.21-a0-364-gbd1fde4 to 0.21-a0-380-gd65dc97
  9356 | D:9      | Reached ** piety under Vehumet
  9356 | D:9      | Offered knowledge of Sandblast by Vehumet.
  9402 | D:9      | Identified a scroll of acquirement
  9564 | D:9      | Noticed a death yak
  9654 | D:9      | Reached skill level 5 in Short Blades
  9654 | D:9      | Reached skill level 5 in Long Blades
  9654 | D:9      | Reached skill level 5 in Axes
  9654 | D:9      | Reached skill level 5 in Maces & Flails
  9654 | D:9      | Reached skill level 5 in Polearms
  9654 | D:9      | Reached skill level 5 in Slings
  9654 | D:9      | Reached skill level 5 in Crossbows
  9654 | D:9      | Reached skill level 5 in Unarmed Combat
  9654 | D:9      | Reached skill level 5 in Spellcasting
  9654 | D:9      | Reached skill level 5 in Evocations
  9701 | D:9      | Learned a level 5 spell: Venom Bolt
  9970 | D:9      | Noticed a death yak
  9989 | D:9      | Noticed a death yak
 10010 | D:9      | Killed a death yak
 10012 | D:9      | Killed a death yak
 10018 | D:9      | Offered knowledge of Ignite Poison by Vehumet.
 10022 | D:9      | Killed a death yak
 10306 | D:9      | Found a staircase to the Lair.
 10355 | D:10     | Entered Level 10 of the Dungeon
 10360 | D:10     | Learned a level 3 spell: Ignite Poison
 10441 | D:10     | Reached XP level 11. HP: 77/87 MP: 11/19
 10489 | D:10     | Found a portal to a secret trove of treasure.
 10609 | D:10     | Noticed a two-headed ogre
 10613 | D:10     | Killed a two-headed ogre
 10616 | D:10     | Reached *** piety under Vehumet
 10626 | D:10     | Reached skill level 9 in Fighting
 10841 | D:10     | Reached skill level 5 in Conjurations
 10841 | D:10     | Reached skill level 5 in Hexes
 10841 | D:10     | Reached skill level 5 in Charms
 10841 | D:10     | Reached skill level 5 in Summonings
 10841 | D:10     | Reached skill level 5 in Necromancy
 10841 | D:10     | Reached skill level 5 in Translocations
 10841 | D:10     | Reached skill level 5 in Transmutations
 10841 | D:10     | Reached skill level 5 in Fire Magic
 10841 | D:10     | Reached skill level 5 in Ice Magic
 10841 | D:10     | Reached skill level 5 in Air Magic
 10841 | D:10     | Reached skill level 5 in Earth Magic
 10841 | D:10     | Reached skill level 5 in Poison Magic
 11059 | D:10     | Offered knowledge of Stone Arrow by Vehumet.
 11796 | D:11     | Got a crude ring mail
 11807 | D:11     | Identified the +4 ring mail "Epha Kac" {rPois Int+4 Slay+2} (You found it on level 11 of the Dungeon)
 11943 | D:11     | Noticed Grum
 11945 | D:11     | Noticed Nergalle
 11949 | D:11     | Reached **** piety under Vehumet
 11958 | D:11     | Killed Nergalle
 11962 | D:11     | Killed Grum
 11962 | D:11     | Offered knowledge of Force Lance by Vehumet.
 12414 | D:11     | Noticed Sonja
 12416 | D:11     | Killed Sonja
 12416 | D:11     | Reached XP level 12. HP: 82/96 MP: 13/22
 12602 | D:11     | Found a staircase to the Orcish Mines.
 12892 | Lair:1   | Entered Level 1 of the Lair of Beasts
 12893 | Lair:1   | Upgraded the game from 0.21-a0-380-gd65dc97 to 0.21-a0-396-ga924934
 13151 | Lair:1   | Noticed a six-headed hydra
 13157 | Lair:1   | Killed a six-headed hydra
 13292 | Lair:1   | Reached ***** piety under Vehumet
 13791 | Lair:2   | Got a scorched ivory ring
 13793 | Lair:2   | Identified the ring "Dusmum Yss" {rC+ MR+ Dex+5 Stlth-} (You acquired it on level 2 of the Lair of Beasts)
 13800 | Lair:2   | Got a polished shield
 13811 | Lair:2   | Found a labyrinth entrance.
 13821 | Lair:2   | Offered knowledge of Sticky Flame by Vehumet.
 13838 | Lab      | Entered a labyrinth
 13990 | Lab      | Noticed a minotaur
 13999 | Lab      | Killed a minotaur
 14063 | Lab      | Got a slimy plate armour
 14063 | Lab      | Got a transparent leather armour
 14200 | Lair:2   | Identified the +5 plate armour of Rihutas {SInv} (You found it in a labyrinth)
 14210 | Lair:2   | Identified the cursed +1 leather armour of Agnosticism {rPois} (You found it in a labyrinth)
 14368 | Lair:2   | Found a staircase to the Snake Pit.
 14543 | Lair:2   | Reached skill level 10 in Fighting
 14575 | Lair:2   | Found a staircase to the Swamp.
 14597 | Lair:2   | Upgraded the game from 0.21-a0-396-ga924934 to 0.21-a0-401-g0b6bec4
 15016 | Lair:3   | Noticed Gastronok
 15023 | Lair:3   | Noticed Snorg
 15027 | Lair:3   | Killed Gastronok
 15027 | Lair:3   | Reached XP level 13. HP: 97/103 MP: 13/24
 15071 | Lair:3   | Mangled by Snorg

Vault maps used:
D:1:      lemuel_arrival_cross
D:2:      serial_forest, infiniplex_forest_clump_small,
          infiniplex_forest_straight_4, infiniplex_forest_straight_3,
          infiniplex_forest_clump_small, infiniplex_forest_clump_cross,
          infiniplex_forest_lined_3_way, infiniplex_forest_lined_2,
          infiniplex_forest_corner_1, nicolae_ru_path_of_blood
D:3:      lemuel_doored_altar, nicolae_overflow_crystal_walls,
          lemuel_coloured_pillars_altar, uniq_terence, uniq_ijyb,
          uniq_crazy_yiuf_cottage
D:4:      serial_shops, nicolae_shop_crystal, grunt_decor_mini_mirrors,
          corexii_item_surrounded_by_moat, uniq_robin
D:5:      nicolae_overflow_hidden_temple, first_bread, water_maze_lemuel,
          uniq_pikel
D:6:      kennysheep_little_box, minmay_temple_entry_enclosed_plants
D:8:      yredelemnul_altar_generic, nemelex_xobeh_ov_fountains_minmay
D:9:      dpeg_lair_monsters
D:10:     nicolae_trove_entry_crystal
D:11:     david_orc_3, hangedman_abyss_or_decor_jellyfish_corner, uniq_sonja,
          uniq_grum, uniq_nergalle
Temple:   bh_familiar_temple
Lair:2:   minmay_swamp_entry_swarm, minmay_snake_entry_guardpost_small,
          lab_entry_generic
Lair:3:   st_stairs_13, serial_bayou_shore_b, minmay_lair_oklob_chamber,
          grunt_megastairs_2, uniq_gastronok, uniq_snorg
Lab:      labyrinth_spiral

Skill      XL: |  1  2  3  4  5  6  7  8  9 10 11 12 |
---------------+-------------------------------------+-----
Invocations    | 1 2 3 4 5 6 7 8 |  8.5
Short Blades   | 1 2 3 4 5 6 7 |  7.7
Long Blades    | 1 2 3 4 5 6 7 |  7.7
Axes           | 1 2 3 4 5 6 7 |  7.7
Maces & Flails | 1 2 3 4 5 6 7 |  7.7
Polearms       | 1 2 3 4 5 6 7 |  7.7
Slings         | 1 2 3 4 5 6 7 |  7.7
Crossbows      | 1 2 3 4 5 6 7 |  7.7
Unarmed Combat | 1 2 3 4 5 6 7 |  7.7
Spellcasting   | 1 2 3 4 5 6 7 |  7.7
Evocations     | 1 2 3 4 5 6 7 |  7.7
Conjurations   | 1 2 3 4 5 6 |  6.4
Hexes          | 1 2 3 4 5 6 |  6.4
Charms         | 1 2 3 4 5 6 |  6.4
Summonings     | 1 2 3 4 5 6 |  6.4
Necromancy     | 1 2 3 4 5 6 |  6.4
Translocations | 1 2 3 4 5 6 |  6.4
Transmutations | 1 2 3 4 5 6 |  6.4
Fire Magic     | 1 2 3 4 5 6 |  6.4
Ice Magic      | 1 2 3 4 5 6 |  6.4
Air Magic      | 1 2 3 4 5 6 |  6.4
Earth Magic    | 1 2 3 4 5 6 |  6.4
Poison Magic   | 1 2 3 4 5 6 |  6.4
Staves         | 3 4 5 6 7 8 |  8.2
Bows           | 3 4 5 6 7 8 |  8.2
Throwing       | 3 4 5 6 7 8 |  8.2
Armour         | 3 4 5 6 7 8 |  8.2
Dodging        | 3 4 5 6 7 8 |  8.2
Shields        | 3 4 5 6 7 8 |  8.2
Stealth        | 3 4 5 6 7 8 |  8.1
Fighting       | 7 8 9 10 | 10.1

Action                   |  1- 3 |  4- 6 |  7- 9 | 10-12 | 13-15 || total
-------------------------+-------+-------+-------+-------+-------++-------
Melee: Quarterstaff      |    58 |   144 |    12 |       |       ||   214
       Bite              |     4 |    10 |    38 |    50 |     1 ||   103
       Spear             |       |       |    93 |       |       ||    93
       Whip              |       |       |   180 |   124 |       ||   304
       Headbutt          |       |       |    17 |   124 |     2 ||   143
       Dagger            |       |       |       |   185 |       ||   185
       Lajatang          |       |       |       |    59 |     7 ||    66
       Morningstar       |       |       |       |    47 |       ||    47
Throw: Stone             |   107 |    59 |       |       |       ||   166
       Tomahawk          |       |    24 |    28 |    55 |       ||   107
       Javelin           |       |       |       |     5 |       ||     5
 Cast: Call Imp          |       |     3 |    22 |    18 |     2 ||    45
       Poisonous Vapours |       |       |    15 |    95 |     4 ||   114
       Mephitic Cloud    |       |       |     5 |    16 |     1 ||    22
       Venom Bolt        |       |       |       |    15 |       ||    15
       Ignite Poison     |       |       |       |    16 |     1 ||    17
 Abil: Blink             |       |       |     1 |       |     3 ||     4
Evoke: Wand              |       |       |    10 |    10 |       ||    20
  Use: Scroll            |       |     7 |    12 |    16 |       ||    35
       Potion            |       |       |     1 |     7 |     2 ||    10
 Stab: Sleeping          |     2 |       |     5 |       |       ||     7
       Distracted        |       |       |     3 |     3 |       ||     6
       Confused          |       |       |       |     9 |       ||     9
  Eat: Chunk             |     1 |     9 |    13 |    24 |       ||    47
       Royal jelly       |       |       |     1 |       |       ||     1
       Fruit             |       |       |     2 |     1 |       ||     3
Armor: Robe              |    13 |     4 |    40 |    52 |       ||   109
       Ring mail         |       |    39 |    32 |   103 |     4 ||   178
Dodge: Dodged            |    40 |    70 |   125 |   288 |    26 ||   549
Block: Buckler           |       |       |    30 |    91 |       ||   121

Table legend:
 A = Spawn XP
 B = Non-spawn XP
 C = Spawn XP percentage of total XP
 D = Spawn monster count
 E = Non-spawn monster count
 F = Spawn count percentage of total count
 G = Total turns spent on level
                    A         B        C        D         E        F      G
               +---------+---------+-------+---------+---------+-------+---------
         Total |       0 |   33181 |   0.0 |       0 |     368 |   0.0 | 15071
               +---------+---------+-------+---------+---------+-------+---------
           D:1 |       0 |      46 |   0.0 |       0 |      23 |   0.0 |   881
           D:2 |       0 |      81 |   0.0 |       0 |      23 |   0.0 |  1643
           D:3 |       0 |     180 |   0.0 |       0 |      25 |   0.0 |  1284
           D:4 |       0 |     708 |   0.0 |       0 |      29 |   0.0 |   886
           D:5 |       0 |     942 |   0.0 |       0 |      14 |   0.0 |  1411
           D:6 |       0 |     918 |   0.0 |       0 |      28 |   0.0 |  1050
           D:7 |       0 |     634 |   0.0 |       0 |      23 |   0.0 |   765
           D:8 |       0 |    1270 |   0.0 |       0 |      28 |   0.0 |  1392
           D:9 |       0 |    3983 |   0.0 |       0 |      42 |   0.0 |  1051
          D:10 |       0 |    4002 |   0.0 |       0 |      34 |   0.0 |  1234
          D:11 |       0 |    7393 |   0.0 |       0 |      58 |   0.0 |  1278
        Lair:1 |       0 |    3082 |   0.0 |       0 |      12 |   0.0 |   878
        Lair:2 |       0 |    6191 |   0.0 |       0 |      23 |   0.0 |   961
        Lair:3 |       0 |    2666 |   0.0 |       0 |       5 |   0.0 |   113
           Lab |       0 |    1085 |   0.0 |       0 |       1 |   0.0 |   227
               +---------+---------+-------+---------+---------+-------+---------
